 Dungeon Crawl Stone Soup version 0.29-a0-294-g83ea962da3 (webtiles) character file.

Game seed: 6654509747775426854

1635 esteth the Grappler (level 8, 0/39 HPs)
             Began as a Vine Stalker Fighter on Mar 18, 2022.
             Succumbed to an orc warrior's poison
             ... on level 6 of the Dungeon.
             The game lasted 00:09:44 (5365 turns).

esteth the Grappler (Vine Stalker Fighter)          Turns: 5365, Time: 00:09:44

Health: 0/39       AC:  9    Str: 18    XL:     8   Next: 98%
Magic:  2/9        EV: 10    Int: 10    God:
Gold:   231        SH:  5    Dex: 15    Spells: 7/7 levels left

rFire   + . .      SeeInvis .     - Unarmed
rCold   . . .      Faith    .   b - +0 buckler
rNeg    . . .      Spirit   +   E - +1 leather armour {rF+}
rPois   .          Reflect  .   (no helmet)
rElec   .          Harm     .   (no cloak)
rCorr   .          Rampage  .   (no gloves)
Will    +....                   v - +0 pair of boots
Stlth   +.........              V - amulet of magic regeneration
HPRegen 0.93/turn               O - +4 ring of protection
MPRegen 0.51/turn               L - ring of flight

@: mighty, lethally poisoned (0 -> -3), flying, hasted, very quick
A: fangs 3, regeneration 1, magic shield, antimagic bite, no potion heal 2
a: no special abilities


You were on level 6 of the Dungeon.
You visited 1 branch of the dungeon, and saw 6 of its levels.
You also visited: Ossuary.

You collected 381 gold pieces.
You spent 150 gold pieces at shops.


Innate Abilities, Weirdness & Mutations

You have razor-sharp teeth.
Your natural rate of healing is unusually fast.
When hurt, damage is shared between your health and your magic reserves.
Your bite disrupts and absorbs the magic of your enemies.
Potions cannot restore your health.


   Skills:
 - Level 2.8 Fighting
 - Level 2.4 Armour
 - Level 2.6 Shields
 + Level 11.1 Unarmed Combat


You had 7 spell levels left.
You didn't know any spells.
Your spell library contained the following spells:

 Spells                   Type           Power      Damage    Failure   Level
 Conjure Flame            Conj/Fire      0%         6-21      87%         3
 Ignite Poison            Fire/Tmut/Pois 0%         N/A       87%         3
 Inner Flame              Hex/Fire       0%         N/A       87%         3
 Cause Fear               Hex            0%         N/A       99%         4
 Sticky Flame             Conj/Fire      0%         2d3       99%         4
 Discord                  Hex            0%         N/A       100%        8

Inventory:

Missiles
 h - 67 stones
 j - 3 atropa-tipped darts
 t - 22 poisoned darts
 w - 7 boomerangs
 D - 5 javelins
 W - a throwing net (quivered) {=f!f}
Armour
 a - a +0 robe
   (You found it on level 5 of the Dungeon)
 b - a +0 buckler (worn)
 d - a +0 leather armour
   (You found it on level 6 of the Dungeon)
 v - a +0 pair of boots (worn)
   (You found it on level 3 of the Dungeon)
 E - a +1 leather armour of fire resistance (worn)
   (You found it on level 4 of the Dungeon)
 F - a +0 leather armour
   (You found it on level 6 of the Dungeon)
 H - a +0 chain mail
   (You took it off an orc on level 6 of the Dungeon)
Magical Staves
 o - a staff of conjuration {!a}
   (You found it on level 2 of the Dungeon)
 z - a staff of cold {!a}
   (You found it on level 3 of the Dungeon)
Jewellery
 c - a ring of protection from cold
   (You found it in an ossuary)
 g - an amulet of regeneration
   (You found it on level 5 of the Dungeon)
 L - a ring of flight (right hand)
   (You found it on level 3 of the Dungeon)
 O - a +4 ring of protection (left hand)
   (You found it on level 2 of the Dungeon)
 R - a ring of resist corrosion
   (You found it on level 5 of the Dungeon)
 V - an amulet of magic regeneration (around neck)
   (You bought it in a shop on level 5 of the Dungeon)
Wands
 G - a wand of acid (8)
   (You found it on level 4 of the Dungeon)
Scrolls
 e - a scroll of silence {unknown}
 f - 2 scrolls of noise {unknown}
 i - 3 scrolls of identify {unknown}
 k - a scroll of torment {unknown}
 l - a scroll of holy word {unknown}
 m - 2 scrolls of magic mapping {!r}
 q - a scroll of vulnerability {unknown}
 r - 3 scrolls of fear {unknown}
 s - 5 scrolls of amnesia {unknown}
 y - a scroll of brand weapon {unknown}
 A - a scroll of fog {unknown}
 T - a scroll of enchant armour {unknown}
Potions
 n - 4 potions of curing {unknown}
 p - a potion of ambrosia {unknown}
 u - 2 potions of mutation {unknown}
 x - a potion of lignification {unknown}
 B - a potion of magic {unknown}
 C - 4 potions of might
 N - a potion of brilliance {unknown}
 P - 2 potions of cancellation {unknown}
 S - 3 potions of heal wounds {unknown}
 X - a potion of haste {@q3}

Dungeon Overview and Level Annotations

Branches:
Dungeon (6/15)             Temple (0/1) D:6         Ossuary (visited)

Altars:
Cheibriados
Fedhas
Gozag
Hepliaklqana
Makhleb
Nemelex Xobeh
Okawaru
Sif Muna
Trog
Uskayaw
Xom
The Shining One

Shops:
D:5 *

Annotations:
D:2 exclusion: downstairs

######## .......# ..###..### ..#
#....# ### ..###..#.##### ##.##
.............###########.#.######
.#..#......≈..oY@.......###......
.#.........#########.###.#.######
.#.........# ####.# ##.##
.#.........# #....# ###
.#.........# #.##### .#..#..#.###
#.#...# .......#.# #.#...###
##...<##.# #.......# ******
##....##.##### #.......# *,,,,,


You could see an orc warrior and a sky beast.


Message History

You punch the sky beast! You bite the sky beast. You drain its power.
You feel sick. The sky beast closely misses you.
The orc warrior hits you from afar with a +1 halberd of venom! 😮 HP[-8] MP[-2]
You take 8 damage, and now have 27/39 hp.
MASSIVE DAMAGE!! (PAUSE)
You lost 2 mp, and now have 7/9 mp.
You feel sick.
You are no longer poisoned.
Things that are here:
a +0 short sword; an orc corpse 😮 HP[+1] MP[+1] 😮 HP[+1] 😕 HP[+1] MP[+1]
Your mp is fully restored (9). 😕 HP[+1]
You closely miss the sky beast. You bite the sky beast. You drain its power.
The sky beast hits you but does no damage.
The orc warrior hits you from afar with a +1 halberd of venom! 😮 HP[-8] MP[-3]
You take 8 damage, and now have 23/39 hp.
MASSIVE DAMAGE!! (PAUSE)
You lost 3 mp, and now have 6/9 mp.
The sky beast attacks as you move away!
You block the sky beast's attack. 😮 HP[+1]
The sky beast attacks as you move away!
The sky beast hits you but does no damage.
The sky beast flickers out of sight!
Deactivating autopickup; reactivate with Ctrl-A. 😮 HP[+1] MP[+1]
Something hits you but does no damage. 😮 HP[+1] MP[+1]
You block something's attack. 😮 HP[+1] 😮 HP[+1] MP[+1]
Your mp is fully restored (9).
Something hits you but does no damage. 😮 HP[+1]
Something hits you. Something shocks you.
The orc warrior barely misses you. 😮 HP[-3] MP[-2]
You take 3 damage, and now have 26/39 hp.
You lost 2 mp, and now have 7/9 mp.
Something hits you but does no damage. 😮 HP[+1]
Something hits you but does no damage. 😮 HP[+1] MP[+1]
Something hits you but does no damage. 😮 HP[+1] 😕 HP[+1] MP[+1]
Your mp is fully restored (9).
Something hits you but does no damage. 😕 HP[+1]
The orc warrior hits you from afar with a +1 halberd of venom!
You are poisoned. 😮 HP[-10] MP[-3]
You take 10 damage, and now have 21/39 hp.
MASSIVE DAMAGE!! (PAUSE)
You lost 3 mp, and now have 6/9 mp.
You feel very sick. 😨 HP[-2] MP[+1]
You take 2 damage, and now have 19/39 hp.
Something hits you but does no damage.
You feel sick.
You feel sick.
A sky beast appears from thin air!
Reactivating autopickup. 😨 HP[-1] MP[+1]
You take 1 damage, and now have 18/39 hp.
The sky beast attacks as you move away! The sky beast hits you.
* * * LOW HITPOINT WARNING * * *
The sky beast shocks you.
* * * LOW HITPOINT WARNING * * *
You feel sick.
The sky beast flickers out of sight!
Deactivating autopickup; reactivate with Ctrl-A. 😨 HP[-6] MP[-1]
You take 6 damage, and now have 12/39 hp.
You lost 1 mp, and now have 7/9 mp.
You feel sick.
A sky beast appears from thin air!
Reactivating autopickup. 😨 MP[+1]
You feel very mighty all of a sudden.
You feel sick.
The sky beast hits you but does no damage.
The orc warrior hits you from afar with a +1 halberd of venom!!
* * * LOW HITPOINT WARNING * * *
😱 HP[-11] MP[-8]
You take 11 damage, and now have 1/39 hp.
MASSIVE DAMAGE!! (PAUSE)
You lost 8 mp, and now have 0/9 mp.
Okay, then.
The sky beast attacks as you move away! You block the sky beast's attack.
You feel sick. 😱 MP[+1]
As you read the scroll labelled HOCZA ATEINLA, it crumbles to dust.
You feel aware of your surroundings.
It was a scroll of magic mapping.
You feel sick.
You are no longer poisoned.
The sky beast barely misses you.
The orc warrior hits you but does no damage.
You are lethally poisoned!
It was a potion of haste.
You feel yourself speed up.
You die...

Skill      XL: |  1  2  3  4  5  6  7  8 |
---------------+-------------------------+-----
Unarmed Combat | 3 4 5 6 7 9 11 | 11.1
Fighting       | |  2.8
Armour         | |  2.4
Shields        | |  2.6

Action                   |  1- 3 |  4- 6 |  7- 9 || total
-------------------------+-------+-------+-------++-------
Melee: Unarmed           |   132 |   187 |   198 ||   517
       Bite              |    30 |    52 |    62 ||   144
  Use: Potion            |       |       |     2 ||     2
       Scroll            |       |       |     1 ||     1
Armor: Scale mail        |    61 |    54 |       ||   115
       Leather armour    |       |    30 |    86 ||   116
Dodge: Dodged            |    71 |    83 |    64 ||   218
Block: Buckler           |    36 |    39 |    43 ||   118

Levels and vault maps discovered:
D:1:      saegor_arrival_simple_c, layout_basic
D:2:      layout_loops_ring, shapermc_ecumenical_altar_mp_ritualfount
D:3:      layout_loops_ring, nemelex_xobeh_ov_fountains_minmay
D:4:      layout_gridville, nicolae_overflows_in_rows, tgw_sif
D:5:      minmay_razor_zed, layout_rooms, tso_oasis_becter, serial_shops,
          kennysheep_mini, serial_glass, glass_columns_c, glass_columns_a,
          glass_columns_a, glass_columns_a, glass_columns_b, glass_columns_a,
          grunt_tough_drop
D:6:      minmay_recursive_quarters, layout_loops_ring,
          minmay_temple_entry_tees, chequers_ossuary_entry_cave

Notes
Turn   | Place    | Note
-------+----------+-------------------------------------------
     0 | D:1      | esteth the Vine Stalker Fighter began the quest for the
                  | Orb.
     0 | D:1      | Reached XP level 1. HP: 11/11 MP: 2/2
     0 | D:1      | magus.rc [v1.11.3]
   141 | D:1      | Reached XP level 2. HP: 10/16 MP: 3/3
   332 | D:1      | Reached skill level 3 in Unarmed Combat
   563 | D:1      | Reached XP level 3. HP: 19/19 MP: 4/4
  1479 | D:2      | Found a faded altar of an unknown god.
  1777 | D:2      | Reached skill level 4 in Unarmed Combat
  1777 | D:2      | Gained mutation: Your natural rate of healing is unusually
                  | fast. [Vine Stalker growth]
  1777 | D:2      | Reached XP level 4. HP: 19/23 MP: 5/5
  2255 | D:3      | Noticed an ogre
  2317 | D:3      | Found a sparkling altar of Nemelex Xobeh.
  2978 | D:4      | Found a blossoming altar of Fedhas.
  2978 | D:4      | Found a hazy altar of Hepliaklqana.
  2979 | D:4      | Found a snail-covered altar of Cheibriados.
  2980 | D:4      | Found a shimmering altar of Xom.
  2980 | D:4      | Found a hide-covered altar of Uskayaw.
  2980 | D:4      | Found an opulent altar of Gozag.
  2982 | D:4      | Found a burning altar of Makhleb.
  2982 | D:4      | Found an iron altar of Okawaru.
  2982 | D:4      | Found a bloodstained altar of Trog.
  3160 | D:4      | Reached skill level 5 in Unarmed Combat
  3160 | D:4      | Reached XP level 5. HP: 28/28 MP: 6/6
  3570 | D:4      | Found a shimmering blue altar of Sif Muna.
  3736 | D:5      | Entered Level 5 of the Dungeon
  3758 | D:5      | Reached skill level 6 in Unarmed Combat
  3758 | D:5      | Reached XP level 6. HP: 31/32 MP: 5/7
  3899 | D:5      | You pick up a book of Hexes and begin reading...
  3899 | D:5      | You add the spells Inner Flame, Cause Fear and Discord to
                  | your library.
  3908 | D:5      | Found a glowing golden altar of the Shining One.
  4054 | D:5      | Reached skill level 7 in Unarmed Combat
  4076 | D:5      | Reached XP level 7. HP: 33/35 MP: 8/8
  4379 | D:5      | Found Tayned's Assorted Antiques.
  4382 | D:5      | Bought a lumpy steel amulet for 150 gold pieces
  4484 | D:5      | Reached skill level 8 in Unarmed Combat
  4561 | D:5      | Reached skill level 9 in Unarmed Combat
  4561 | D:5      | Gained mutation: You have razor-sharp teeth. [Vine Stalker
                  | growth]
  4561 | D:5      | Reached XP level 8. HP: 25/39 MP: 9/9
  4589 | D:5      | You add the spells Conjure Flame, Ignite Poison and Sticky
                  | Flame to your library.
  4758 | D:6      | Found a sand-covered staircase.
  4767 | Ossuary  | Entered an ossuary
  4943 | Ossuary  | Reached skill level 10 in Unarmed Combat
  5246 | D:6      | Reached skill level 11 in Unarmed Combat
  5362 | D:6      | HP: 1/39 [orc warrior/+1 halberd of venom (11)]
  5365 | D:6      | Succumbed to an orc warrior's poison

Vanquished Creatures
  A water moccasin (D:5)
  A sky beast (D:6)
  A black bear (D:5)
  A bullfrog (D:6)
  A gnoll sergeant (D:5)
  6 scorpions
  A killer bee (D:5)
  3 human zombies (Ossuary)
  A centaur zombie (Ossuary)
  2 hounds
  2 jellies (D:5)
  5 iguanas
  2 orc wizards
  5 scorpion zombies (Ossuary)
  3 mummies (Ossuary)
  11 adders
  A shadow imp (D:5)
  A white imp (D:5)
  An ufetubus (D:6)
  4 dart slugs
  6 orcs
  6 ball pythons
  6 bats
  7 endoplasms
  2 giant cockroaches
  8 goblins
  10 hobgoblins
  12 jackals
  5 quokkas
  A frilled lizard (D:1)
  A gnoll zombie (Ossuary)
  5 goblin zombies (Ossuary)
  A hobgoblin zombie (Ossuary)
  6 kobolds
  2 kobold zombies (Ossuary)
  2 orc zombies (Ossuary)
  3 rats (D:1)
136 creatures vanquished.

Vanquished Creatures (others)
  4 fungi (D:2)
  5 plants (D:2)
9 creatures vanquished.

Grand Total: 145 creatures vanquished

Table legend:
 A = Non-vault XP
 B = Vault XP
 C = Vault XP percentage of total XP
 D = Non-vault monster count
 E = Vault monster count
 F = Vault count percentage of total count
                 A         B        C        D         E       F
            +---------+---------+-------+---------+---------+-------
      Total |     776 |    1561 |  66.8 |      92 |      44 |  32.4
            +---------+---------+-------+---------+---------+-------
        D:1 |      65 |       0 |   0.0 |      36 |       0 |   0.0
        D:2 |      31 |       0 |   0.0 |       9 |       0 |   0.0
        D:3 |      33 |       0 |   0.0 |      13 |       0 |   0.0
        D:4 |     126 |      35 |  21.7 |      19 |       1 |   5.0
        D:5 |     242 |     700 |  74.3 |       8 |      15 |  65.2
        D:6 |     279 |       0 |   0.0 |       7 |       0 |   0.0
    Ossuary |       0 |     826 | 100.0 |       0 |      28 | 100.0
            +---------+---------+-------+---------+---------+-------

Illustrated notes

Table legend:
 A = Kills in this place as a percentage of kills in entire the game.
 B = Kills by you in this place as a percentage of kills by you in the entire game.
 C = Kills by friends in this place as a percentage of kills by friends in the entire game.
 D = Other kills in this place as a percentage of other kills in the entire game.
 E = Experience gained in this place as a percentage of experience gained in the entire game.
 F = Experience gained in this place divided by the number of levels of this place that you have seen.
                   A       B       C       D       E      F
               +-------+-------+-------+-------+-------+----------------------
         Total | 100.0 | 100.0 |   N/A |   N/A | 100.0 | 333.9
       Dungeon |  79.4 |  79.4 |   N/A |   N/A |  64.7 | 251.8
       Ossuary |  20.6 |  20.6 |   N/A |   N/A |  35.3 | 826.0
               +-------+-------+-------+-------+-------+----------------------

Table legend: (Time is in decaauts)
 A = Elapsed time spent in this place.
 B = Non-inter-level travel time spent in this place.
 C = Inter-level travel time spent in this place.
 D = Time resting spent in this place.
 E = Time spent auto-exploring this place.
 F = Levels seen in this place.
 G = Mean time per level.
                   A        B        C        D        E       F      G
               +--------+--------+--------+--------+--------+-----+--------+
         Total |   5328 |   5190 |    138 |      0 |   4010 |   7 |  761.1 |
       Dungeon |   4985 |   4847 |    138 |      0 |   3875 |   6 |  830.8 |
       Ossuary |    342 |    342 |      0 |      0 |    135 |   1 |  342.0 |
               +--------+--------+--------+--------+--------+-----+--------+

Top non-repeatable levels by time:
     D:1: 1453 daAuts
     D:5: 960 daAuts
     D:2: 860 daAuts
     D:4: 842 daAuts
     D:3: 572 daAuts
 Ossuary: 342 daAuts
     D:6: 295 daAuts
